Map: Prion Terraces

Players

IIIIIIIIlIII

  • Race: Terran Terran
  • League: Master

Miszu - Winner!

  • Race: Terran Terran
  • League: Master

VOD

Have the link to the VOD?

Description

Time

  • Played on: March 28, 2016, 5:09 p.m.
  • Length: 16:47
Show
View Real Time Build Order
Export as new Build Order

IIIIIIIIlIII Terran 

Build Orders: MMM Bio 

Get SALT Encoding   

  12  0:00  SCV  
  13  0:13  SCV  
  14  0:18  Supply Depot  
  14  0:25  SCV  
  15  0:40  Barracks, SCV  
  16  0:52  SCV  
  17  1:04  SCV  
  18  1:15  Command Center  
  18  1:18  SCV  
  19  1:28  Marine  
  19  1:31  Orbital Command  
  20  1:36  Refinery  
  20  1:42  Refinery  
  20  1:46  Marine  
  21  1:57  Supply Depot, SCV  
  22  2:05  Marine  
  23  2:18  SCV  
  24  2:23  Marine  
  24  2:24  Factory  
  24  2:27  Orbital Command  
  25  2:30  SCV  
  25  2:37  Bunker  
  25  2:41  Marine  
  25  2:42  SCV  
  27  2:53  SCV  
  27  2:54  SCV  
  29  3:00  Marine  
  29  3:05  SCV  
  31  3:09  Starport, Hellion  
  31  3:11  SCV  
  34  3:17  SCV  
  34  3:18  Marine  
  36  3:24  SCV  
  37  3:29  SCV  
  37  3:30  Factory Tech Lab  
  38  3:36  SCV  
  38  3:37  Marine  
  40  3:41  SCV  
  40  3:43  Supply Depot  
  40  3:44  Supply Depot  
  40  3:45  Viking  
  44  3:49  Siege Tank  
  44  3:55  Barracks  
  46  3:56  Barracks  
  46  4:04  Refinery, Marine  
  46  4:05  SCV x2  
  46  4:07  Engineering Bay  
  49  4:16  Starport Reactor  
  49  4:17  SCV  
  49  4:20  Supply Depot, SCV  
  50  4:31  SCV  
  50  4:32  SCV, Factory Reactor  
  50  4:37  Missile Turret  
  48  4:39  Missile Turret  
  48  4:42  Missile Turret  
  47  4:47  Marine  
  47  4:48  Stimpack  
  47  4:50  Terran Infantry Weapons Level 1  
  47  4:51  SCV  
  47  4:52  SCV  
  50  5:00  Barracks Reactor  
  50  5:03  SCV  
  50  5:04  SCV  
  50  5:06  Marine  
  53  5:12  Medivac x2  
  56  5:15  SCV  
  54  5:23  SCV  
  54  5:27  Marine  
  55  5:31  Supply Depot  
  55  5:35  Marine x2  
  55  5:39  SCV  
  55  5:42  Supply Depot, Factory Reactor  
  53  5:45  Marine  
  53  5:46  Marine, SCV  
  49  5:50  Marine  
  49  5:51  SCV  
  49  5:56  Marine  
  50  5:59  SCV  
  50  6:03  Medivac, SCV  
  54  6:10  Medivac  
  56  6:15  Supply Depot  
  56  6:16  SCV  
  57  6:19  Marine  
  57  6:25  SCV  
  59  6:28  Marine x2  
  59  6:32  Supply Depot  
  61  6:40  Marine  
  61  6:41  Marine  
  61  6:43  Marine  
  61  6:46  Marine x2  
  64  6:55  Medivac x2  
  64  6:58  Marine  
  64  6:59  SCV x2  
  68  7:02  Barracks  
  68  7:07  Combat Shields  
  68  7:10  Marine, Factory Tech Lab  
  68  7:11  SCV  
  70  7:17  Supply Depot  
  70  7:18  Terran Infantry Armor Level 1, Barracks  
  70  7:20  SCV  
  71  7:23  Marine  
  71  7:24  Marine  
  71  7:25  Marine  
  71  7:26  Marine  
  75  7:31  Marine  
  76  7:37  Supply Depot  
  76  7:40  Supply Depot  
  76  7:41  Marine  
  76  7:43  Medivac  
  79  7:45  Medivac  
  79  7:49  SCV x2  
  83  7:53  Siege Tank  
  84  8:05  Marine  
  65  8:06  Marine  
  65  8:07  Marine  
  65  8:08  Marine x5  
  73  8:17  SCV  
  75  8:23  Marine  
  75  8:24  Marine  
  75  8:25  Supply Depot, Marine  
  75  8:26  Marine  
  82  8:27  Supply Depot, SCV  
  82  8:32  Marine x2  
  85  8:35  Marine x2  
  85  8:36  SCV  
  85  8:39  Supply Depot, SCV  
  85  8:41  Marine x2  
  89  8:43  Marine  
  89  8:44  Marine  
  91  8:48  Viking x2  
  91  8:52  Marine, Siege Tank  
  91  8:53  Marine  
  98  8:57  Marine  
  98  8:58  Marine  
  98  8:59  Marine  
  98  9:00  Marine  
  98  9:01  Marine  
  103  9:03  Marine  
  104  9:10  Marine  
  104  9:11  Marine  
  104  9:15  Marine  
  104  9:16  Marine  
  103  9:26  Marine  
  103  9:29  Marine, Liberator  
  103  9:30  Liberator  
  91  9:32  Marine  
  91  9:37  Marine  
  91  9:38  Marine x4  
  82  9:44  Marine  
  82  9:45  Siege Tank  
  92  9:46  Marine  
  92  9:49  Marine  
  96  9:55  Marine  
  96  9:56  Marine x4  
  101  10:02  Marine  
  101  10:04  Marine  
  103  10:07  Marine  
  103  10:13  Marine  
  103  10:14  Marine x4  
  109  10:19  Marine  
  110  10:22  Marine  
  110  10:25  Marine  
  112  10:28  Orbital Command  
  78  11:22  Command Center  
  78  11:36  Refinery  
  77  11:53  Refinery  
  71  12:02  Refinery  
  71  12:07  Marine x4  
  71  12:08  Viking, Marine  
  58  12:18  Factory Tech Lab  
  56  12:25  Marine  
  56  12:26  Marine x4  
  60  12:42  Command Center  
  55  12:48  Marine  
Show
View Real Time Build Order
Export as new Build Order

Miszu Terran - Winner!

Build Orders: 1/1/1, Bio Tank, Banshee Rush 

Get SALT Encoding   

  12  0:00  SCV  
  13  0:13  SCV  
  14  0:17  Supply Depot  
  14  0:25  SCV  
  15  0:30  Refinery  
  15  0:39  SCV  
  16  0:46  Barracks  
  16  0:51  SCV  
  17  1:00  Refinery  
  17  1:03  SCV  
  18  1:15  SCV  
  20  1:34  Orbital Command  
  20  1:35  Factory  
  19  1:40  Reaper  
  19  1:44  Supply Depot  
  20  1:59  SCV  
  21  2:12  Reaper  
  22  2:17  SCV  
  22  2:19  Starport, Hellion  
  25  2:27  Supply Depot  
  25  2:29  SCV  
  26  2:41  Hellion, SCV  
  29  2:45  Barracks Tech Lab  
  29  2:53  SCV  
  30  3:03  Hellion  
  32  3:05  SCV  
  32  3:08  Cloaking Field, Banshee  
  36  3:15  Barracks Reactor  
  36  3:17  SCV  
  37  3:26  Supply Depot  
  37  3:30  SCV  
  38  3:44  SCV  
  39  3:50  Command Center  
  39  3:51  Banshee  
  39  3:52  Factory Tech Lab  
  42  4:00  SCV  
  43  4:04  Supply Depot  
  43  4:12  SCV  
  44  4:22  Command Center  
  44  4:24  SCV  
  45  4:39  SCV  
  46  4:51  SCV  
  46  4:52  Barracks  
  47  4:54  Barracks  
  47  4:57  Starport Reactor  
  47  4:58  Marine x2  
  47  4:59  Siege Tank  
  52  5:03  SCV  
  52  5:04  Orbital Command  
  53  5:19  SCV  
  54  5:30  SCV  
  54  5:31  SCV  
  54  5:34  Orbital Command  
  56  5:41  Marine  
  56  5:42  SCV  
  60  5:44  Stimpack  
  60  5:45  Barracks Tech Lab  
  60  5:48  Siege Tank, Barracks  
  61  5:50  Barracks  
  59  5:57  SCV  
  59  5:58  SCV  
  59  5:59  Marine  
  59  6:01  Marine x2  
  59  6:03  Medivac  
  63  6:04  Combat Shields  
  63  6:09  Refinery, SCV  
  63  6:11  Refinery, Marine  
  64  6:17  Marine  
  66  6:22  Marine  
  66  6:24  Marine  
  68  6:26  Siege Tank  
  68  6:29  Medivac  
  73  6:35  Marine, SCV x2  
  73  6:37  Barracks Reactor  
  73  6:39  Barracks Reactor  
  76  6:40  Engineering Bay  
  76  6:42  Engineering Bay  
  73  6:54  SCV x2  
  72  7:00  Marine x2  
  72  7:01  Medivac x2  
  77  7:06  SCV  
  77  7:07  Refinery, SCV  
  78  7:10  Marine x2  
  80  7:17  Marine, SCV  
  80  7:18  Supply Depot  
  82  7:24  Supply Depot  
  82  7:29  Marine x2  
  84  7:32  Terran Infantry Armor Level 1  
  84  7:34  Terran Infantry Weapons Level 1  
  84  7:38  Marine  
  84  7:39  Marine x5  
  84  7:40  Siege Tank  
  93  7:46  Medivac  
  93  7:47  Marine x2  
  93  7:49  Supply Depot  
  93  7:51  Supply Depot  
  97  7:56  Marine  
  97  7:57  Marine x3  
  97  7:58  Marine  
  101  7:59  Marine  
  101  8:02  Orbital Command  
  101  8:04  Marine  
  101  8:05  Marine  
  94  8:10  Armory  
  94  8:13  Medivac  
  94  8:14  Marine  
  94  8:15  Marine x3  
  94  8:16  Marine  
  94  8:17  Marine, Siege Tank  
  105  8:22  Marine  
  106  8:37  Marine x4  
  106  8:38  Marine x2  
  106  8:39  Marine  
  107  8:43  SCV x2  
  107  8:44  SCV  
  107  8:47  Marine  
  111  8:49  Siege Tank  
  111  8:54  Marine  
  111  8:55  Marine x2  
  117  9:03  Supply Depot  
  117  9:04  Marine x4, Medivac, SCV x2  
  117  9:05  Supply Depot, Sensor Tower  
  117  9:07  Supply Depot x2  
  117  9:09  Marine  
  126  9:22  SCV  
  92  9:41  Marine  
  92  9:42  Marine x7  
  100  9:46  Siege Tank  
  100  9:48  Viking x2  
  107  9:59  Marine  
  108  10:00  Marine x7  
  115  10:10  Factory, Refinery  
  115  10:11  Supply Depot, Refinery  
  115  10:12  Supply Depot  
  115  10:17  Marine x7  
  115  10:18  Marine, Medivac, Siege Tank  
  128  10:35  Marine x3  
  116  10:47  SCV  
  116  10:48  SCV x2  
  119  10:50  Sensor Tower, Siege Tank  
  122  10:59  Marine x5, SCV  
  122  11:00  SCV x2, Factory Tech Lab  
  130  11:05  Marine  
  130  11:06  Marine x2  
  133  11:13  Terran Infantry Armor Level 2  
  133  11:15  Terran Infantry Weapons Level 2  
  133  11:23  Marine  
  133  11:24  Marine x7  
  141  11:41  Marine x3  
  142  11:47  Marine  
  142  11:48  Marine x4  
  145  11:59  Marine x3  
  146  12:03  Viking  
  146  12:05  Marine  
  146  12:06  Marine x4  
  153  12:17  Marine x3  
  156  12:23  Marine x3  
  156  12:24  Marine x2  
  156  12:29  Viking  
  163  12:34  Marine  
  163  12:35  Marine x2  
  165  12:41  Marine x5  
  170  12:52  Marine  
  170  12:57  Marine x2  
  173  12:59  Marine x5  
  177  13:10  Marine  
  177  13:15  Marine x2  
  177  13:16  Marine  
  177  13:17  Marine x4  
  177  13:28  Marine  
  177  13:32  Marine  
  177  13:33  Marine  
  180  13:34  Marine  
  180  13:35  Marine x4  
  185  13:46  Marine  
  186  13:50  Marine  
  186  13:51  Marine  
  186  13:52  Marine  
  186  13:53  Marine x4  
  193  13:59  Viking x2  
  197  14:25  Marine x2  
  197  14:29  Command Center  
  186  15:37  Viking  
  186  15:38  Viking  
  180  16:07  Viking  
  180  16:08  Viking  
Tags
 
Composition
Bio TankMMM Bio
Matchup
TvT
Opening
1/1/1
Race
Terran
Strategy
Banshee Rush
Add a new tag
Caveats
  • Supply blocks, unpowered buildings, or Contaminate may cause inaccurate times.
  • Supply counts are checked every 10 seconds.